 Dungeon Crawl Stone Soup version 0.30-a0-389-g8d7d949f56 (webtiles) character file.

Game seed: 16356111952068153139

24420 p00ps00p the Cleaver (level 13, -1/122 HPs)
             Began as a Hill Orc Fighter on Dec 4, 2022.
             Was an Initiate of Gozag.
             Slain by a demonspawn (11 damage)
             ... on level 2 of the Orcish Mines.
             The game lasted 00:35:34 (13495 turns).

p00ps00p the Cleaver (Hill Orc Fighter)            Turns: 13495, Time: 00:35:35

Health: -1/122     AC: 18    Str: 30    XL:     13   Next: 13%
Magic:  22/22      EV:  8    Int:  8    God:    Gozag
Gold:   765        SH: 11    Dex: 10    Spells: 12/12 levels left

rFire   + . .      SeeInvis .    q - +0 broad axe (spect)
rCold   . . .      Faith    .    b - +0 kite shield
rNeg    + . .      Spirit   .    w - +2 chain mail {rN+}
rPois   +          Reflect  .    i - +1 helmet
rElec   .          Harm     .    h - +0 cloak
rCorr   .          Rampage  .    F - +1 pair of gloves "Ymizxisa" {MP+9}
Will    .....                    K - +0 pair of boots
Stlth   ..........               n - amulet of regeneration
HPRegen 1.20/turn                L - ring "Owaomerr" {Fire rPois Slay+5}
MPRegen 0.18/turn                m - ring of Dithmenos's Delight {rC+ Str+6}

@: gold aura, studying Dodging
A: deformed body, subdued magic 1
a: Renounce Religion, Potion Petition, Call Merchant, Bribe Branch


You were on level 2 of the Orcish Mines.
You worshipped Gozag.
Gozag was pleased with you.
You visited 3 branches of the dungeon, and saw 12 of its levels.
You also visited: Sewer, Ossuary and Bailey.

You collected 5638 gold pieces.
You spent 3182 gold pieces at shops.
You paid 1691 gold pieces to Gozag.

Inventory:

Hand Weapons
 a - a +1 vorpal war axe
 q - a +0 spectral broad axe (weapon)
 C - a +2 hand axe of electrocution
 O - a +2 war axe of holy wrath
Missiles
 e - 28 poisoned darts (quivered)
 y - 8 throwing nets
Armour
 b - a +0 kite shield (worn)
 h - a +0 cloak (worn)
 i - a +1 helmet (worn)
 l - a +2 plate armour of poison resistance
 w - a +2 chain mail of positive energy (worn)
 F - the +1 pair of gloves "Ymizxisa" (worn) {MP+9}
   (You bought it in a shop on level 6 of the Dungeon)

   MP:        It affects your magic capacity (+9).
 K - a +0 pair of boots (worn)
 N - a +0 chain mail of fire resistance
Jewellery
 g - a ring of protection from cold
 m - the ring of Dithmenos's Delight (right hand) {rC+ Str+6}
   (You bought it in a shop on level 6 of the Dungeon)

   [ring of strength]

   Str:       It affects your strength (+6).
   rC:        It protects you from cold.
 n - an amulet of regeneration (around neck)
 p - a ring of resist corrosion
 v - a ring of protection from fire
 L - the ring "Owaomerr" (left hand) {Fire rPois Slay+5}
   (You bought it in a shop on level 6 of the Dungeon)

   [ring of fire]

   It enhances your fire magic.
   Slay:      It affects your accuracy & damage with ranged weapons and melee
   (+5).
   rF:        It protects you from fire.
   rC:        It makes you vulnerable to cold.
   rPois:     It protects you from poison.
Wands
 c - a wand of polymorph (6)
 z - a wand of mindburst (2)
 A - a wand of roots (4)
 B - a wand of paralysis (12)
 G - a wand of flame (44)
Scrolls
 k - 2 scrolls of magic mapping
 s - a scroll of teleportation
 x - 3 scrolls of fear
 D - 2 scrolls of butterflies
 I - a scroll of silence
Potions
 d - 3 potions of brilliance
 f - 5 potions of mutation
 j - 6 potions of flight
 o - 4 potions of lignification
 r - 6 potions of curing
 t - 6 potions of magic
 u - a potion of resistance {unknown}
 E - a potion of berserk rage {unknown}
 H - a potion of ambrosia {unknown}
 J - 2 potions of cancellation
 M - a potion of heal wounds


   Skills:
 + Level 13.5 Fighting
 + Level 14.4 Axes
 + Level 12.4 Armour
 + Level 12.5 Shields


You had 12 spell levels left.
You didn't know any spells.
Your spell library contained the following spells:

 Spells                   Type           Power      Damage    Failure   Level
 Apportation              Tloc           0%         N/A       96%         1
 Necrotise                Necr           0%         1d4       96%         1
 Summon Small Mammal      Summ           0%         N/A       96%         1
 Cigotuvi's Dreadful Rot  Necr/Pois/Air  0%         N/A       99%         2
 Sublimation of Blood     Necr           0%         N/A       99%         2
 Wereblood                Tmut           0%         N/A       99%         2
 Call Canine Familiar     Summ           0%         N/A       100%        3
 Summon Guardian Golem    Hex/Summ       0%         N/A       100%        3
 Dispel Undead            Necr           0%         3d6       100%        4
 Death Channel            Necr           0%         N/A       100%        6
 Summon Hydra             Summ           0%         N/A       100%        7


Dungeon Overview and Level Annotations

Branches:
Dungeon (9/15)             Temple (1/1) D:6             Orc (2/2) D:9
    Elf (0/3) Orc:2         Sewer (visited)         Ossuary (visited)
 Bailey (visited)
   Lair: D:8-11

Altars:
Ashenzari
Cheibriados
Dithmenos
Elyvilon
Fedhas
Gozag
Kikubaaqudgha
Makhleb
Nemelex Xobeh
Okawaru
Qazlal
Ru
Sif Muna
Trog
Uskayaw
Vehumet
Wu Jian
Xom
Yredelemnul
Zin
The Shining One

Shops:
D:2 ?   D:6 =[   D:9 [(   Orc:2 *


Innate Abilities, Weirdness & Mutations

Armour fits poorly on your strangely shaped body.
Your spells are a little easier to cast, but a little less powerful.


Message History

The demonspawn hits you but does no damage.
The demonspawn claws you but does no damage.
The demonspawn gores you but does no damage.
You barely miss the orc sorcerer.
The orc sorcerer is severely wounded.
You closely miss the demonspawn. The demonspawn hits you.
The demonspawn misses you. You block the demonspawn's attack.
The orc sorcerer casts a spell at you.
You suddenly lose the ability to move!
The orc sorcerer casts a spell.
The demonspawn hits you!
The demonspawn claws you but does no damage.
The demonspawn gores you but does no damage.
The sun demon hits you but does no damage.
The orc sorcerer hits you with a +0 dagger.
The demonspawn hits you!
The demonspawn claws you but does no damage.
The demonspawn gores you. The sun demon hits you!
You are engulfed in flames!
You resist.
The orc sorcerer hits you but does no damage.
The demonspawn completely misses you. x2; The demonspawn gores you!
The chaos spawn gores you. The chaos spawn shocks you!
* * * LOW HITPOINT WARNING * * *
You can move again.
You are too injured to fight recklessly!
Unknown command.
You are too injured to fight recklessly!
Unknown command.
You closely miss the orc sorcerer.
The orc sorcerer is severely wounded.
You hit the demonspawn. You slash the chaos spawn!
You hit the sun demon but do no damage. The sun demon hits you!!
* * * LOW HITPOINT WARNING * * *
You are engulfed in flames.
You resist.
* * * LOW HITPOINT WARNING * * *
The orc sorcerer hits you with a +0 dagger.
* * * LOW HITPOINT WARNING * * *
The demonspawn hits you!
You die...
Your body crumbles into a pile of gold.

#..###...##,,,##...###..##.......
..###...##,,,,,##...###..........
.###...#*,,*,*,,##...###.........
###.#.#*,,*∩,∩*,,##.#.###........
#*...#*,,**,,,**,,##$).###.......
**,*,**,,**∩**,,##.#$###.......#
###*,,,**,,***,,##.$.###.........
#.##*,,,**,,*,,##...###..........
...##*,,,**,,,*#@4.###...........
#...##*,,,*,*,#6o3###............
###..##*,,,.....$###.............
#...##*,#...#.###..............
##.#.###.....###...............
##.)..###...###................
#......###.###............#....
##......#####.<.........(.....)
##......###...................


You could see a demonspawn, a sun demon, a chaos spawn (summoned) and an orc
sorcerer (strong).

Vanquished Creatures
  2 orc warlords
  Josephine (Orc:1)
  2 vault guards (Bailey)
  Harold (D:9)
  Pikel (D:9)
  4 orc knights
  2 orc sorcerers
  A cyclops (Orc:2)
  A kobold demonologist (D:6)
  4 trolls
  Prince Ribbit (Bailey)
  A hornet (D:9)
  Eustachio (D:4)
  A vampire (D:9)
  2 wyverns (D:9)
  5 wraiths
  9 humans (Bailey)
  2 neqoxecs (Orc:2)
  Grum (D:8)
  3 yaks (D:9)
  4 steam dragons
  6 wargs
  2 water moccasins (D:6)
  2 sky beasts (D:6)
  39 orc warriors
  5 ogres (D:6)
  4 wolves (D:8)
  4 centaurs
  6 kobold brigands
  A phantom (D:5)
  Blork the orc (D:6)
  9 bullfrogs
  An elf zombie (D:5)
  A gnoll sergeant (D:6)
  2 scorpions
  5 wights (D:7)
  19 killer bees
  10 howler monkeys
  6 gnoll boudas
  A human zombie (D:5)
  A jelly (D:8)
  2 quasits (D:6)
  35 orc priests
  11 hounds
  A human skeleton (D:5)
  21 orc wizards
  An iguana (D:7)
  3 mummies (Ossuary)
  29 gnolls
  3 river rats (Sewer)
  11 adders
  A shadow imp (D:7)
  2 white imps
  3 ufetubi (D:6)
  2 worms
  3 dart slugs
  92 orcs
  12 ball pythons
  5 endoplasms
  5 giant cockroaches
  13 goblins
  10 hobgoblins
  11 jackals
  4 quokkas
  19 bats
  A frilled lizard (Sewer)
  2 goblin zombies (Ossuary)
  2 hobgoblin zombies (Ossuary)
  17 kobolds
  2 kobold zombies (Ossuary)
  2 orc skeletons (D:5)
  3 orc zombies
  10 rats
512 creatures vanquished.

Vanquished Creatures (others)
  2 killer bees (D:8)
  A jelly (D:6)
  7 demonic plants (D:6)
  A fungus (D:6)
11 creatures vanquished.

Grand Total: 523 creatures vanquished

Notes
Turn   | Place    | Note
-------+----------+-------------------------------------------
     0 | D:1      | p00ps00p the Hill Orc Fighter began the quest for the Orb.
     0 | D:1      | Reached XP level 1. HP: 19/19 MP: 1/1
    37 | D:1      | Reached XP level 2. HP: 27/27 MP: 2/2
    71 | D:1      | Reached skill level 3 in Axes
   284 | D:1      | Reached XP level 3. HP: 29/33 MP: 3/3
   692 | D:2      | Found Fonatio's Magic Scroll Shop.
   904 | D:2      | Reached XP level 4. HP: 40/40 MP: 4/4
  1479 | D:3      | Noticed a scorpion
  1485 | D:3      | Killed a scorpion
  1486 | D:3      | Reached skill level 4 in Axes
  1486 | D:3      | Reached XP level 5. HP: 46/47 MP: 5/5
  2301 | D:4      | Noticed Eustachio
  2327 | D:4      | Killed Eustachio
  2328 | D:4      | Reached skill level 5 in Fighting
  2328 | D:4      | Reached skill level 5 in Axes
  2328 | D:4      | Reached XP level 6. HP: 31/56 MP: 6/6
  3004 | D:4      | Reached skill level 5 in Shields
  3117 | D:5      | Entered Level 5 of the Dungeon
  3161 | D:5      | Reached skill level 5 in Armour
  3161 | D:5      | Reached XP level 7. HP: 61/61 MP: 7/7
  3167 | D:5      | Found a sand-covered staircase.
  3173 | Ossuary  | Entered an ossuary
  3173 | Ossuary  | Noticed a wraith
  3173 | Ossuary  | Noticed a wraith
  3173 | Ossuary  | Noticed a wraith
  3428 | Ossuary  | Noticed a wraith
  3431 | Ossuary  | Killed a wraith
  3554 | D:5      | Identified 3 scrolls of acquirement
  3559 | D:5      | Acquired 1011 gold pieces
  3561 | D:5      | Acquired 1051 gold pieces
  3563 | D:5      | Acquired a manual of Dodging
  3630 | D:5      | Reached skill level 6 in Axes
  3919 | D:5      | Reached XP level 8. HP: 63/71 MP: 8/8
  4608 | D:6      | Found an ornate altar of the Wu Jian Council.
  4610 | D:6      | Noticed Blork the orc
  4620 | D:6      | Reached skill level 7 in Axes
  4632 | D:6      | Killed Blork the orc
  4669 | D:6      | Found a glowing drain.
  4677 | Sewer    | Entered a sewer
  5513 | D:6      | Reached XP level 9. HP: 56/79 MP: 9/9
  5529 | D:6      | Reached skill level 8 in Axes
  5580 | D:6      | Noticed a kobold demonologist
  5589 | D:6      | Noticed a sun demon
  5888 | D:6      | Noticed a hellwing
  5899 | D:6      | Noticed a hellwing
  5902 | D:6      | Killed a kobold demonologist
  5910 | D:6      | Reached skill level 9 in Axes
  6202 | D:6      | Reached XP level 10. HP: 58/91 MP: 10/10
  6707 | D:6      | Found a staircase to the Ecumenical Temple.
  6717 | Temple   | Entered the Ecumenical Temple
  6725 | Temple   | Became a worshipper of Gozag Ym Sagoz the Greedy
  6742 | D:6      | Bought the +1 pair of gloves "Ymizxisa" {MP+9} for 495 gold
                  | pieces
  6956 | D:7      | Reached skill level 10 in Axes
  7001 | D:7      | Found a flagged portal.
  7038 | Bailey   | Entered a bailey
  7135 | Bailey   | Reached skill level 10 in Fighting
  7170 | Bailey   | Noticed Prince Ribbit
  7170 | Bailey   | Noticed a vault guard
  7185 | Bailey   | Killed Prince Ribbit
  7234 | Bailey   | Killed a vault guard
  7283 | Bailey   | Noticed a vault guard
  7301 | Bailey   | Killed a vault guard
  7302 | Bailey   | Reached skill level 11 in Axes
  7302 | Bailey   | Reached XP level 11. HP: 37/101 MP: 11/11
  7493 | D:7      | Reached skill level 10 in Shields
  7567 | D:7      | Found a white marble altar of Elyvilon.
  7577 | D:7      | Reached skill level 10 in Armour
  7597 | D:7      | Found a hide-covered altar of Uskayaw.
  7915 | D:7      | Found a burning altar of Makhleb.
  7915 | D:7      | Found a stormy altar of Qazlal.
  8334 | D:8      | Found a radiant altar of Vehumet.
  8335 | D:8      | Found a shadowy altar of Dithmenos.
  8460 | D:8      | Noticed Grum
  8467 | D:8      | Killed Grum
  8730 | D:2      | Bought a scroll of magic mapping for 97 gold pieces
  8730 | D:2      | Bought a scroll of brand weapon for 123 gold pieces
  8730 | D:2      | Bought a scroll of silence for 123 gold pieces
  8730 | D:2      | Bought a scroll of identify for 26 gold pieces
  9198 | D:9      | Found a broken altar of Ashenzari.
  9210 | D:9      | Noticed Pikel
  9216 | D:9      | Killed Pikel
  9235 | D:9      | Found Ysuggid's Weapon Shop.
  9248 | D:9      | Noticed Harold
  9260 | D:9      | Killed Harold
  9261 | D:9      | Reached skill level 12 in Axes
  9509 | D:6      | Bought the ring "Owaomerr" {Fire rPois Slay+5} for 972 gold
                  | pieces
  9608 | D:9      | Found a snail-covered altar of Cheibriados.
  9653 | D:9      | Found a staircase to the Orcish Mines.
  9653 | D:9      | Found Xiarhohac's Armour Shop.
  9670 | D:9      | Bought a +0 kite shield for 76 gold pieces
 10219 | Orc:1    | Entered Level 1 of the Orcish Mines
 10317 | Orc:1    | Reached XP level 12. HP: 107/112 MP: 12/12
 10477 | Orc:1    | Noticed Josephine
 10487 | Orc:1    | Killed Josephine
 10489 | Orc:1    | Reached skill level 13 in Axes
 10884 | Orc:2    | Entered Level 2 of the Orcish Mines
 11056 | Orc:2    | Found a staircase to the Elven Halls.
 11262 | Orc:2    | Found Ytutorr's Distillery.
 11270 | Orc:2    | Found Panke's General Store.
 11294 | Orc:2    | Noticed an orc warlord
 12053 | Orc:1    | Killed an orc warlord
 12169 | D:6      | Bought the ring of Dithmenos's Delight {rC+ Str+6} for 850
                  | gold pieces
 12524 | Orc:2    | Noticed an orc warlord
 12763 | Orc:2    | Killed an orc warlord
 12764 | Orc:2    | Reached skill level 14 in Axes
 13021 | Orc:2    | Reached XP level 13. HP: 103/122 MP: 13/13
 13108 | Orc:2    | Bought a potion of mutation for 112 gold pieces
 13108 | Orc:2    | Bought a potion of heal wounds for 70 gold pieces
 13108 | Orc:2    | Bought a potion of curing for 42 gold pieces
 13108 | Orc:2    | Bought a potion of curing for 42 gold pieces
 13108 | Orc:2    | Bought a potion of curing for 42 gold pieces
 13108 | Orc:2    | Bought a potion of cancellation for 112 gold pieces
 13474 | Orc:2    | Gained mutation: Your spells are a little easier to cast,
                  | but a little less powerful. [a neqoxec]
 13479 | Orc:2    | Gained mutation: Armour fits poorly on your strangely
                  | shaped body. [a neqoxec]
 13491 | Orc:2    | Paralysed by an orc sorcerer for 4 turns
 13495 | Orc:2    | Slain by a demonspawn

Illustrated notes

Levels and vault maps discovered:
D:1:      minmay_arrival_stair_chambers, layout_basic, corexii_leaking_fountain,
          supply_closet_lemuel
D:2:      layout_loops_ring, serial_shops, nicolae_shop_hallway_plus,
          minmay_diced_spiral
D:3:      layout_loops_corners, patterned_corridor
D:4:      minmay_octagon_keep, layout_loops_corners, uniq_eustachio
D:5:      layout_basic, nicolae_ossuary_entry_catacombs
D:6:      lemuel_castle_with_subvaults [lemuel_castle_interior_original],
          layout_basic, nicolae_wu_jian_wuxing_cycle, lemuel_temple_firewalk_b,
          serial_demonic, serial_demonic_b, serial_demonic_c, serial_demonic_d,
          serial_demonic_b, portal_sewer_entry_b, uniq_blork_the_orc
D:7:      layout_rooms, grunt_temple_overflow_open,
          chequers_temple_overflow_statue_of_worship, enter_bailey_5
D:8:      layout_gridville, mainiacjoe_overflow_divided_tiny, uniq_grum
D:9:      layout_loops_ring, nicolae_ashenzari_skybound,
          mainiacjoe_overflow_small_starburst, orc_david_3, item_on_display_a,
          uniq_pikel, uniq_harold
Temple:   nicolae_temple_no_exploring_needed
Orc:1:    layout_caves, guppyfry_library_mini, uniq_josephine
Orc:2:    pf_orc_diabolical, layout_caves, mines_bat_river

Skill      XL: |  1  2  3  4  5  6  7  8  9 10 11 12 |
---------------+-------------------------------------+-----
Axes           | 3 4 5 6 7 9 11 12 14 | 14.4
Fighting       | 4 5 6 7 9 10 11 13 | 13.5
Armour         | 4 5 6 8 9 10 12 | 12.4
Shields        | 4 5 7 8 9 10 12 | 12.5

Action                   |  1- 3 |  4- 6 |  7- 9 | 10-12 | 13-15 || total
-------------------------+-------+-------+-------+-------+-------++-------
Melee: War axe           |   110 |   124 |   427 |   324 |       ||   985
       Broad axe         |       |       |       |   348 |    33 ||   381
Invok: Call Merchant     |       |       |       |     2 |       ||     2
Evoke: Wand              |       |       |       |    15 |       ||    15
  Use: Scroll            |     1 |     7 |    13 |    16 |     2 ||    39
       Potion            |       |     2 |     4 |     7 |       ||    13
 Stab: Distracted        |       |       |       |     6 |       ||     6
Armor: Scale mail        |    80 |    81 |       |       |       ||   161
       Chain mail        |       |     2 |   408 |   439 |    17 ||   866
Dodge: Dodged            |    59 |    83 |   207 |   272 |     7 ||   628
Block: Buckler           |    30 |    44 |   135 |   147 |       ||   356
       Kite shield       |       |       |       |   169 |    13 ||   182

Table legend: (Time is in decaauts)
 A = Elapsed time spent in this place.
 B = Non-inter-level travel time spent in this place.
 C = Inter-level travel time spent in this place.
 D = Time resting spent in this place.
 E = Time spent auto-exploring this place.
 F = Levels seen in this place.
 G = Mean time per level.
                   A        B        C        D        E       F      G
               +--------+--------+--------+--------+--------+-----+--------+
         Total |  13811 |  12778 |   1033 |   1767 |   7125 |  15 |  920.7 |
       Dungeon |   8905 |   7897 |   1008 |    256 |   5420 |   9 |  989.4 |
        Temple |     16 |     16 |      0 |      0 |      0 |   1 |   16.0 |
  Orcish Mines |   3084 |   3060 |     24 |   1295 |    780 |   2 | 1542.0 |
         Sewer |    993 |    993 |      0 |    216 |    493 |   1 |  993.0 |
       Ossuary |    385 |    385 |      0 |      0 |    274 |   1 |  385.0 |
        Bailey |    424 |    424 |      0 |      0 |    157 |   1 |  424.0 |
               +--------+--------+--------+--------+--------+-----+--------+

Top non-repeatable levels by time:
     D:6: 1841 daAuts
   Orc:1: 1725 daAuts
   Orc:2: 1359 daAuts
     D:3: 1011 daAuts
     D:5: 999 daAuts
     D:4: 996 daAuts
   Sewer: 993 daAuts
     D:2: 938 daAuts
     D:9: 911 daAuts
     D:7: 889 daAuts
     D:8: 827 daAuts
     D:1: 490 daAuts
  Bailey: 424 daAuts
 Ossuary: 385 daAuts
  Temple: 16 daAuts
